 Dungeon Crawl Stone Soup version 0.31.0-11-ge490571c62 (webtiles) character file.

Game seed: 6363583350608553177

84 qw the Shooter (level 4, -6/22 HPs)
             Began as a Spriggan Hunter on Feb 4, 2024.
             Killed by divine providence
             ... invoked by an orc priest
              (11 damage)
             ... on level 3 of the Dungeon.
             The game lasted 00:00:08 (1598 turns).

qw the Shooter (Spriggan Hunter)                    Turns: 1598, Time: 00:00:09

Health: -6/22      AC:  2    Str:  7    XL:     4   Next: 23%
Magic:  5/5        EV: 19    Int: 10    God:
Gold:   70         SH:  0    Dex: 20    Spells: 3/3 levels left

rFire   + . .        a - +0 shortbow
rCold   + . .        (shield currently unavailable)
rNeg    . . .        c - +0 robe
rPois   +            (helmet restricted)
rElec   +            (no cloak)
rCorr   +            (gloves unavailable)
SInv    +            (boots unavailable)
Will    .....        (no amulet)
Stlth   ++           (no ring)
HPRegen 0.23/turn    (no ring)
MPRegen 0.09/turn

%: no passive effects
@: about to teleport, resistant, very quick
A: very small, no large weapons, unfitting armour, see invisible, speed 3
a: no special abilities


You were on level 3 of the Dungeon.
You visited 1 branch of the dungeon, and saw 3 of its levels.

You collected 70 gold pieces.


Innate Abilities, Weirdness & Mutations

You are very small and have problems with some larger weapons.
You are too small for most types of armour.
You have supernaturally acute eyesight. (SInv)
You cover ground extremely quickly. (Speed+++)


   Skills:
 - Level 1.5 Fighting
 - Level 5.1 Ranged Weapons
 + Level 4.4 Dodging
 - Level 1.5 Stealth


You had 3 spell levels left.
You didn't know any spells.
Your spell library was empty.

Inventory:

Hand Weapons
 a - a +0 shortbow (weapon)
Armour
 c - a +0 robe (worn)
Jewellery
 f - a +6 ring of intelligence
Wands
 b - a wand of mindburst (19)
Scrolls
 d - 2 scrolls of teleportation

Dungeon Overview and Level Annotations

Branches:
Dungeon (3/15)

Altars:

Annotations:
D:2 exclusion: 2 giant cockroaches


Message History

The orc is moderately wounded.
The orc barely misses you.
You shoot an arrow.
The arrow hits the orc but does no damage.
The orc is moderately wounded.
The orc misses you. The orc barely misses you.
You shoot an arrow.
The arrow hits the orc but does no damage.
The orc is moderately wounded.
The orc hits you with a +0 dagger. The orc is attracted toward you.
You shoot an arrow. The arrow completely misses the orc.
The arrow barely misses the orc priest.
The orc priest calls upon Beogh to heal the orc.
The orc's wounds heal themselves!
The orc hits you with a +0 dagger.
You shoot an arrow. The arrow barely misses the orc.
The arrow hits the orc priest but does no damage.
The orc priest is moderately wounded.
The orc misses you.
You shoot an arrow. The arrow hits the orc.
The orc is almost dead.
The orc hits you with a +0 dagger.
1595 ||| READING 3 scrolls of teleportation.
As you read the scroll of teleportation, it crumbles to dust.
You feel strangely unstable. The orc hits you with a +0 dagger.
You shoot an arrow. The arrow hits the orc.
You kill the orc!
The orc priest looks encouraged for a moment.
The orc priest is attracted toward you.
You feel less attractive to monsters.
You shoot an arrow.
The arrow hits the orc priest but does no damage.
The orc priest is moderately wounded.
The orc priest misses you.
You shoot an arrow. The arrow hits the orc priest.
The orc priest is severely wounded.
The orc priest closely misses you.
The orc priest calls down the wrath of Beogh upon you.
Beogh smites you!
Ouch! That really hurt!
You die...

## #..## #.....^ # #####.##
#...... #...h.# ###..## #
#.###h# # ##.## # #o###.
#..# .. .o..... ##.. .##
........ ###. .#
..........###############...
## .....
#oo@.|....)......... .....).
#################... ####


You could see an orc priest and an orc wizard (invisible).

Vanquished Creatures
  4 adders
  A dart slug (D:2)
  A ribbon worm (D:2)
  An orc (D:3)
  2 ball pythons
  6 endoplasms
  3 giant cockroaches
  4 goblins
  2 hobgoblins (D:2)
  3 jackals (D:3)
  A quokka (D:1)
  4 bats
  2 frilled lizards
  3 kobolds
  7 rats
44 creatures vanquished.

Notes
Turn   | Place    | Note
-------+----------+-------------------------------------------
     0 | D:1      | qw the Spriggan Hunter began the quest for the Orb.
     0 | D:1      | Reached XP level 1. HP: 10/10 MP: 2/2
     0 | D:1      | 0 ||| qw: Version: 0.3-a-160-g6735b56
     0 | D:1      | 0 ||| qw: Game counter: 4496
     0 | D:1      | 0 ||| qw: Melee chars always use a shield: true
     0 | D:1      | 0 ||| qw: God list: Okawaru
     0 | D:1      | 0 ||| qw: Allow faded altars: false
     0 | D:1      | 0 ||| qw: Do Orc after clearing Dungeon:15 true
     0 | D:1      | 0 ||| qw: Do second Lair branch before Depths: true
     0 | D:1      | 0 ||| qw: Lair rune preference: random
     0 | D:1      | 0 ||| qw: Goals: Normal
     0 | D:1      | 0 ||| PLANNING D:1-11
    91 | D:1      | Reached skill level 3 in Dodging
   240 | D:1      | Reached XP level 2. HP: 14/14 MP: 3/3
   533 | D:1      | 533 ||| READING scroll labelled ARUATI LANU.
   533 | D:1      | 533 ||| IDENTIFYING sedimented ruby potion
   534 | D:1      | 534 ||| DROPPING scroll of butterflies.
   535 | D:1      | 535 ||| DROPPING potion of degeneration.
   617 | D:2      | Found a faded altar of an unknown god.
   686 | D:2      | Reached XP level 3. HP: 17/18 MP: 4/4
   876 | D:2      | 876 ||| READING 2 scrolls labelled VUJIOMIROB.
   941 | D:2      | 941 ||| READING scroll labelled WASCHO FEDYTZOD.
  1347 | D:3      | Reached skill level 5 in Ranged Weapons
  1447 | D:3      | Reached XP level 4. HP: 11/22 MP: 5/5
  1450 | D:3      | HP: 5/22 [jackal (1)]
  1451 | D:3      | 1451 ||| READING 4 scrolls of teleportation.
  1576 | D:3      | 1576 ||| DRINKING blue potion.
  1577 | D:3      | 1577 ||| DRINKING glowing grey potion.
  1594 | D:3      | HP: 5/22 [orc/+0 dagger (3)]
  1595 | D:3      | 1595 ||| READING 3 scrolls of teleportation.
  1598 | D:3      | Killed from afar by an orc priest

Levels and vault maps discovered:
D:1:      dpeg_arrival_simpleton_c, layout_loops_ring, minmay_curled_crystal,
          glass_columns_c
D:2:      layout_basic, dreamdust_ecumenical_altar_grove, chequers_big_river,
          minmay_tetromino_t2
D:3:      layout_rooms

Skill      XL: |  1  2  3 |
---------------+----------+-----
Dodging        | 3 4 |  4.4
Ranged Weapons | 5 |  5.1
Fighting       | |  1.5
Stealth        | |  1.5

Action                     |  1- 3 |  4- 6 || total
---------------------------+-------+-------++-------
   Fire: Shortbow          |   114 |    28 ||   142
    Use: Scroll            |     3 |     2 ||     5
         Potion            |       |     2 ||     2
 Armour: Robe              |    14 |     8 ||    22
  Dodge: Dodged            |    44 |    27 ||    71

Table legend:
 A = Non-vault XP
 B = Vault XP
 C = Vault XP percentage of total XP
 D = Non-vault monster count
 E = Vault monster count
 F = Vault count percentage of total count
                 A         B        C        D         E       F
            +---------+---------+-------+---------+---------+-------
      Total |     119 |       1 |   0.8 |      43 |       1 |   2.3
            +---------+---------+-------+---------+---------+-------
        D:1 |      20 |       0 |   0.0 |      14 |       0 |   0.0
        D:2 |      42 |       1 |   2.3 |      17 |       1 |   5.6
        D:3 |      57 |       0 |   0.0 |      12 |       0 |   0.0
            +---------+---------+-------+---------+---------+-------
